 Dungeon Crawl Stone Soup version 0.27-a0-1119-gbf574a6a6b (webtiles) character file.

Game seed: 16932590479929198626

28 Zeld the Skirmisher (level 3, -1/26 HPs)
             Began as an Octopode Fighter on May 2, 2021.
             Slain by an orc
             ... wielding a +0 trident
              (9 damage)
             ... on level 4 of the Dungeon.
             The game lasted 00:01:12 (979 turns).

Zeld the Skirmisher (Octopode Fighter)               Turns: 979, Time: 00:01:14

Health: -1/26      AC:  1    Str: 16    XL:     3   Next: 14%
Magic:  0/3        EV: 11    Int: 10    God:
Gold:   31         SH:  9    Dex: 11    Spells: 2/2 levels left

rFire    . . .     SeeInvis .   a - +0 war axe
rCold    . . .     Faith    .   b - +0 kite shield
rNeg     . . .     Spirit   .   (helmet restricted)
rPois    .         Reflect  .   (no amulet)
rElec    .         Harm     .   (no ring)
rCorr    .         Rampage  .   (no ring)
Will     .....                  (no ring)
Stlth    ++........             (no ring)
HPRegen  0.08/turn              (no ring)
MPRegen  0.08/turn              (no ring)
                                (no ring)
                                (no ring)

@: no status effects
A: almost no armour, amphibious, 8 rings, camouflage 1, gelatinous body 1,
(nimble swimmer 1), tentacles
a: no special abilities


You were on level 4 of the Dungeon.
You visited 1 branch of the dungeon, and saw 4 of its levels.

You collected 31 gold pieces.

Inventory:

Hand Weapons
 a - a +0 war axe (weapon)
Missiles
 g - 2 silver javelins (quivered)
Armour
 b - a +0 kite shield (worn)
Scrolls
 e - a scroll of enchant weapon {unknown}
 f - 2 scrolls of silence {unknown}
 i - a scroll of vulnerability {unknown}
Potions
 c - 2 potions of might
 d - a potion of degeneration {unknown}
 h - a potion of mutation {unknown}


   Skills:
 * Level 3.4 Fighting
 * Level 2.5 Axes
 - Level 3.0 Dodging
 * Level 3.4 Shields


You had 2 spell levels left.
You didn't know any spells.
Your spell library was empty.

Dungeon Overview and Level Annotations

Branches:
Dungeon (4/15)
 Temple: D:4-7

Altars:

Annotations:
D:4 exclusion: sky beast


Innate Abilities, Weirdness & Mutations

You cannot wear most types of armour.
You are amphibious.
You can wear up to eight rings at the same time.
Your skin changes colour to match your surroundings (Stealth+).
Your rubbery body absorbs attacks. (AC +1, EV +1)
((You are camouflaged near water. (Stealth+)))
You have tentacles for arms and can constrict up to eight enemies at once.


Message History

You hit the quokka. You squeeze the quokka.
You kill the quokka!
Press: ? - help, . - travel You can't see that place. [the floor.] Placed new exclusion.
You see here a quokka corpse.
A kobold comes into view. It is wielding a +0 whip.
A kobold is nearby!
A kobold is nearby!
The kobold shouts!
You hear a shout! x2
The kobold hits you with a +0 whip.
An orc comes into view. It is wielding a +2 antimagic dagger.
You hear a shout!
You barely miss the kobold. Your grab misses the kobold.
The kobold barely misses you. The kobold hits you with a +0 whip.
You closely miss the kobold. Your grab misses the kobold.
You squeeze the kobold, but do no damage.
You block the kobold's attack. x2
An orc comes into view. It is wielding a +0 trident.
There are monsters nearby!
You completely miss the kobold. You grab the kobold. You constrict the kobold.
The kobold barely misses you.
You completely miss the kobold.
The kobold is severely wounded.
You constrict the kobold.
You kill the kobold!
The orc hits you from afar with a +0 trident.
The orc completely misses you.
You closely miss the orc. Your grab misses the orc.
The orc hits you with a +2 antimagic dagger!
You feel your power leaking away. The orc misses you.
You block the orc's attack.
You barely miss the orc. You grab the orc. You squeeze the orc.
The orc is almost dead.
You constrict the orc.
You kill the orc!
The orc closely misses you.
The orc hits you from afar with a +0 trident!
You die...

+#####'###.#<#..........
(..........#.#..#.......
...........#.#..........
Y.........#.#.#########
.............#
.#.....###.# #.........#
#†...#######
#.......@).#
#....#####o# #....# ..
#....# ## ####.# #.# ..#
###


You could see an orc.

Vanquished Creatures
  2 dart slugs (D:2)
  An orc (D:4)
  2 endoplasms
  A giant cockroach (D:2)
  2 goblins
  2 hobgoblins
  2 jackals (D:2)
  3 kobolds
  A quokka (D:4)
  4 ball pythons (D:2)
  A bat (D:2)
  2 frilled lizards
23 creatures vanquished.

Notes
Turn   | Place    | Note
-------+----------+-------------------------------------------
     0 | D:1      | Zeld the Octopode Fighter began the quest for the Orb.
     0 | D:1      | Reached XP level 1. HP: 16/16 MP: 1/1
   187 | D:2      | Reached XP level 2. HP: 15/21 MP: 2/2
   769 | D:4      | Reached XP level 3. HP: 14/26 MP: 3/3
   920 | D:4      | Noticed a sky beast
   979 | D:4      | Slain by an orc

Illustrated notes

Levels and vault maps discovered:
D:1:      co_arrival_square_in_a_square_in_a_square, layout_basic,
          basic_ecumenical_altar, minmay_distorted
D:2:      layout_basic, minmay_misc_feat_secret_circle
D:3:      layout_basic, minmay_quadrilaterals, uniq_crazy_yiuf_cottage,
          uniq_grinder, uniq_natasha, uniq_terence
D:4:      layout_basic, uniq_ijyb, uniq_sigmund

Action                   || total
-------------------------++-------
Melee: War axe           ||    49
       Constrict         ||     9
       Tentacles         ||     7
 Stab: Sleeping          ||     1
Armor: Skin              ||     3
Dodge: Dodged            ||    28
Block: Kite shield       ||    20

Table legend: (Time is in decaauts)
 A = Elapsed time spent in this place.
 B = Non-inter-level travel time spent in this place.
 C = Inter-level travel time spent in this place.
 D = Time resting spent in this place.
 E = Time spent auto-exploring this place.
 F = Levels seen in this place.
 G = Mean time per level.
                   A        B        C        D        E       F      G
               +--------+--------+--------+--------+--------+-----+--------+
         Total |   1007 |    975 |     32 |    156 |    620 |   4 |  251.8 |
       Dungeon |   1007 |    975 |     32 |    156 |    620 |   4 |  251.8 |
               +--------+--------+--------+--------+--------+-----+--------+

Top non-repeatable levels by time:
     D:2: 425 daAuts
     D:4: 402 daAuts
     D:3: 92 daAuts
     D:1: 86 daAuts
